 Dungeon Crawl Stone Soup version 0.31-a0-819-gf6de2f5ab6 (webtiles) character file.

Game seed: 14129102831080427873

66 qw the Shooter (level 4, -1/28 HPs)
             Began as a Gargoyle Hunter on Sept 23, 2023.
             Slain by an orc
             ... wielding a +0 hand axe
              (2 damage)
             ... on level 3 of the Dungeon.
             The game lasted 00:00:35 (1539 turns).

qw the Shooter (Gargoyle Hunter)                    Turns: 1539, Time: 00:00:36

Health: -1/28      AC:  6    Str: 15    XL:     4   Next: 15%
Magic:  4/4        EV: 11    Int:  9    God:
Gold:   18         SH:  0    Dex: 15    Spells: 3/3 levels left

rFire   + . .        Y - +0 shortbow
rCold   . . .        (shield currently unavailable)
rNeg    + . .        c - +0 leather armour
rPois   inf          (no helmet)
rElec   +            (no cloak)
rCorr   .            (no gloves)
SInv    .            (no boots)
Will    .....        (no amulet)
Stlth   ++           e - ring of protection from fire
HPRegen 0.24/turn    (no ring)
MPRegen 0.09/turn

%: no passive effects
@: about to teleport
A: sickness immunity, AC +3, negative energy resistance 1, electricity
resistance, torment resistance 1, petrification resistance
a: no special abilities


You were on level 3 of the Dungeon.
You visited 1 branch of the dungeon, and saw 3 of its levels.

You collected 138 gold pieces.
You spent 120 gold pieces at shops.


Innate Abilities, Weirdness & Mutations

You are immune to sickness and miasma.
Your stone body is resilient. (AC +3)
You are immune to poison.
You resist negative energy. (rN+)
You are resistant to electric shocks. (rElec)
You are resistant to unholy torment.
You are immune to petrification.


   Skills:
 - Level 3.1 Fighting
 + Level 5.2 Ranged Weapons
 - Level 1.5 Dodging
 - Level 1.1 Stealth


You had 3 spell levels left.
You didn't know any spells.
Your spell library was empty.

Inventory:

Hand Weapons
 Y - a +0 shortbow (weapon)
Armour
 c - a +0 leather armour (worn)
Jewellery
 e - a ring of protection from fire (left hand)
Scrolls
 h - a scroll of teleportation
 i - a scroll of identify
Potions
 b - a potion of ambrosia {unknown}
 g - a potion of brilliance {unknown}

Dungeon Overview and Level Annotations

Branches:
Dungeon (3/15)

Altars:

Shops:
D:2 ?


Message History

The arrow hits the orc but does no damage.
The orc barely misses you. The orc closely misses you.
You shoot an arrow. The arrow hits the orc.
The orc is moderately wounded.
The orc hits you but does no damage.
A magic dart appears from out of thin air!
The magic dart hits you! The orc barely misses you.
You shoot an arrow. The arrow closely misses the orc.
The orc hits you from afar with a +0 trident.
The orc closely misses you.
You hear some strange, mumbled words.
You are confused.
1533 ||| DRINKING potion of curing.
You feel better.
1533 ||| (to cure confusion)
The orc hits you from afar with a +0 trident.
The orc hits you with a +0 hand axe. The orc hits you with a +0 war axe.
You shoot an arrow. The arrow hits the orc!
You kill the orc!
The orc hits you but does no damage. x2; Something hits you.
The orc misses you. The orc hits you with a +0 hand axe.
You shoot an arrow. The arrow barely misses the orc.
The orc barely misses you.
You hear some strange, mumbled words.
A magic dart appears from out of thin air!
The magic dart hits you! The orc hits you but does no damage.
You shoot an arrow. The arrow closely misses the orc.
The orc misses you. Something hits you. The orc hits you but does no damage.
You shoot an arrow. The arrow hits the orc.
The orc is severely wounded.
The orc closely misses you. Something hits you but does no damage.
The orc hits you but does no damage.
You shoot an arrow. The arrow closely misses the orc.
The orc hits you from afar with a +0 trident!
Something hits you but does no damage. The orc closely misses you.
1539 ||| READING 2 scrolls of teleportation.
As you read the scroll of teleportation, it crumbles to dust.
You feel strangely unstable. The orc barely misses you. Something hits you.
The orc hits you with a +0 hand axe.
You die...

### .[. #.#
.#
####.###....
#..o........
#...o#
#.)@{#
#.##.......
+ #.###...
#.# . #.#
..# ###


You could see 2 orcs.

Vanquished Creatures
  An adder (D:2)
  A dart slug (D:2)
  An orc (D:3)
  4 endoplasms
  4 goblins
  7 hobgoblins
  6 jackals
  2 quokkas (D:1)
  4 ball pythons
  6 bats
  5 frilled lizards
  4 kobolds
  5 rats
50 creatures vanquished.

Notes
Turn   | Place    | Note
-------+----------+-------------------------------------------
     0 | D:1      | qw the Gargoyle Hunter began the quest for the Orb.
     0 | D:1      | Reached XP level 1. HP: 12/12 MP: 1/1
     0 | D:1      | 0 ||| qw: Version: 0.3-a-83-gcd0e7d8
     0 | D:1      | 0 ||| qw: Game counter: 1436
     0 | D:1      | 0 ||| qw: Melee chars always use a shield: true
     0 | D:1      | 0 ||| qw: God list: Okawaru
     0 | D:1      | 0 ||| qw: Allow faded altars: false
     0 | D:1      | 0 ||| qw: Do Orc after clearing Dungeon:15 true
     0 | D:1      | 0 ||| qw: Do second Lair branch before Depths: true
     0 | D:1      | 0 ||| qw: Lair rune preference: random
     0 | D:1      | 0 ||| qw: Goals: Normal
     0 | D:1      | 0 ||| PLANNING D:1-11
    29 | D:1      | You fall into a shaft and drop 1 floor!
    89 | D:2      | 89 ||| DROPPING scroll of butterflies.
   103 | D:1      | Reached XP level 2. HP: 17/17 MP: 2/2
   433 | D:1      | Reached XP level 3. HP: 21/21 MP: 3/3
   499 | D:1      | Reached skill level 5 in Ranged Weapons
   809 | D:1      | 809 ||| UPGRADING to ring of protection from fire.
   810 | D:1      | 810 ||| READING scroll labelled JADDUKKYNENK.
   865 | D:2      | Found Tuhekuss's Magic Scroll Emporium.
   904 | D:2      | Reached skill level 3 in Fighting
  1077 | D:2      | Reached XP level 4. HP: 28/28 MP: 4/4
  1365 | D:2      | 1365 ||| BUYING 2 scrolls of teleportation (72 gold).
  1365 | D:2      | Bought 2 scrolls of teleportation for 72 gold pieces
  1365 | D:2      | 1365 ||| BUYING scroll of identify (24 gold).
  1365 | D:2      | Bought a scroll of identify for 24 gold pieces
  1365 | D:2      | 1365 ||| BUYING scroll of identify (24 gold).
  1365 | D:2      | Bought a scroll of identify for 24 gold pieces
  1365 | D:2      | 1365 ||| SHOPLISTING scroll of identify (24 gold, have 14).
  1365 | D:2      | 1365 ||| SHOPLISTING scroll of teleportation (36 gold, have
                  | 14).
  1513 | D:2      | 1513 ||| READING scroll labelled OSAECS ODAIM.
  1514 | D:2      | 1514 ||| DRINKING 2 cyan potions.
  1515 | D:2      | 1515 ||| READING 2 scrolls of identify.
  1515 | D:2      | 1515 ||| IDENTIFYING yellow potion
  1516 | D:2      | 1516 ||| DROPPING potion of magic.
  1526 | D:3      | 1526 ||| RETREEAATING.
  1533 | D:3      | 1533 ||| DRINKING potion of curing.
  1533 | D:3      | 1533 ||| (to cure confusion)
  1538 | D:3      | HP: 4/28 [orc/+0 trident (7)]
  1539 | D:3      | 1539 ||| READING 2 scrolls of teleportation.
  1539 | D:3      | HP: 1/28 [something (3)]
  1539 | D:3      | Slain by an orc

Levels and vault maps discovered:
D:1:      roderic_dead_forest, layout_loops_ring, nrook_uturn,
          chequers_serial_rivers_small_3
D:2:      layout_loops_ring, serial_shops, nicolae_shop_tiny_waterfront,
          amcnicky_mini_rare_corridor_liquid, minmay_misc_feat_hallway,
          mrwooster_statue_mirror, kennysheep_potato
D:3:      layout_loops_cross, mainiacjoe_overflow_swirl,
          ebering_ecumenical_altar_sacrificial, chequers_hall_statues_wall_a

Skill      XL: |  1  2  3 |
---------------+----------+-----
Ranged Weapons | 5 |  5.2
Fighting       | 3 |  3.1
Dodging        | |  1.5
Stealth        | |  1.1

Action                     |  1- 3 |  4- 6 || total
---------------------------+-------+-------++-------
   Fire: Shortbow          |   123 |    32 ||   155
    Use: Scroll            |     1 |     3 ||     4
         Potion            |       |     2 ||     2
 Armour: Leather armour    |    35 |    28 ||    63
  Dodge: Dodged            |    38 |    14 ||    52

Table legend:
 A = Non-vault XP
 B = Vault XP
 C = Vault XP percentage of total XP
 D = Non-vault monster count
 E = Vault monster count
 F = Vault count percentage of total count
                 A         B        C        D         E       F
            +---------+---------+-------+---------+---------+-------
      Total |      92 |       3 |   3.2 |      48 |       2 |   4.0
            +---------+---------+-------+---------+---------+-------
        D:1 |      46 |       0 |   0.0 |      27 |       0 |   0.0
        D:2 |      43 |       3 |   6.5 |      20 |       2 |   9.1
        D:3 |       3 |       0 |   0.0 |       1 |       0 |   0.0
            +---------+---------+-------+---------+---------+-------
